 Dungeon Crawl Stone Soup version 0.27.1-34-g3ba077fa99 (webtiles) character file.

Game seed: 10309598257636151637

6089 pkoi the Destroyer (level 10, -7/69 HPs)
             Began as a Pale Draconian Conjurer on Jan 26, 2022.
             Was a Follower of Sif Muna.
             Mangled by a tentacled starspawn (10 damage)
             ... on level 2 of the Abyss.
             The game lasted 00:17:17 (12551 turns).

pkoi the Destroyer (Pale Draconian Conjurer)       Turns: 12551, Time: 00:17:17

Health: -7/69      AC:  9    Str:  9    XL:     10   Next: 58%
Magic:  24/31      EV: 12    Int: 22    God:    Sif Muna [*.....]
Gold:   541        SH:  0    Dex: 14    Spells: 18/25 levels left

rFire    + + +     SeeInvis .   c - +5 dagger (venom)
rCold    . . .     Faith    .   (no shield)
rNeg     . . .     Spirit   .   (armour unavailable)
rPois    +         Reflect  .   (helmet restricted)
rElec    .         Harm     .   (no cloak)
rCorr    +         Rampage  .   n - +1 pair of gloves
Will     .....                  (no boots)
Stlth    ++........             (no amulet)
HPRegen  0.21/turn              C - ring of poison resistance
MPRegen  0.22/turn              v - ring of the Lobster {rF+++ rCorr MP+9 Dex+4}

@: no status effects
A: breathe steam, AC +7, unfitting armour, cold-blooded, steam resistance
a: Breathe Steam, Renounce Religion, Channel Magic


You were on level 2 of the Abyss.
You worshipped Sif Muna.
Sif Muna was aware of your devotion.
You visited 2 branches of the dungeon, and saw 10 of its levels.
You visited the Abyss 1 time.

You collected 541 gold pieces.

Inventory:

Hand Weapons
 b - a +0 vorpal whip
 c - a +5 dagger of venom (weapon)
 h - a +0 whip of electrocution
 i - a +3 spectral quarterstaff
Missiles
 s - 6 throwing nets
Armour
 n - a +1 pair of gloves (worn)
Jewellery
 m - an amulet of guardian spirit
 o - a ring of fire
 q - a ring of protection from cold
 v - the ring of the Lobster (right hand) {rF+++ rCorr MP+9 Dex+4}
   (You found it on level 8 of the Dungeon)

   [ring of resist corrosion]

   Dex:       It affects your dexterity (+4).
   rF:        It renders you almost immune to fire.
   MP:        It affects your magic capacity (+9).
   rCorr:     It protects you from acid and corrosion.
 C - a ring of poison resistance (left hand)
Wands
 l - a wand of polymorph (2)
 u - a wand of iceblast (16)
 w - a wand of digging (4)
Scrolls
 e - 2 scrolls of identify
 f - 3 scrolls of fear
 k - 3 scrolls of teleportation
 t - a scroll of magic mapping
 y - a scroll of enchant weapon
 A - a scroll of summoning
 B - a scroll of acquirement {unknown}
 D - a scroll of blinking
Potions
 a - a potion of haste
 d - a potion of brilliance
 g - a potion of heal wounds
 j - 3 potions of ambrosia
 p - a potion of cancellation
 r - a potion of mutation
 x - a potion of flight
 z - a potion of curing


   Skills:
 - Level 1.7 Dodging
 - Level 1.7 Stealth
 + Level 8.0 Spellcasting
 * Level 12.7 Conjurations
 + Level 5.9 Fire Magic


You had 18 spell levels left.
You knew the following spells:

 Your Spells              Type           Power      Damage    Failure   Level
a - Magic Dart            Conj           100%       1d8       1%          1
b - Searing Ray           Conj           100%       3d7       1%          2
c - Sticky Flame          Conj/Fire      49%        2d7       1%          4

Your spell library contained the following spells:

 Spells                   Type           Power      Damage    Failure   Level
 Conjure Flame            Conj/Fire      49%        6-21      1%          3
 Dazzling Flash           Conj/Hex       72%        N/A       1%          3
 Fulminant Prism          Conj/Hex       18%        3d11      5%          4
 Iskenderun's Mystic Bla  Conj/Tloc      36%        2d9       5%          4
 Beastly Appendage        Tmut           16%        N/A       8%          1
 Ignite Poison            Fire/Tmut/Pois 17%        N/A       10%         3
 Wereblood                Tmut           8%         N/A       11%         2
 Frozen Ramparts          Ice            16%        1d3       22%         3
 Spider Form              Tmut/Pois      4%         N/A       22%         3
 Ice Form                 Ice/Tmut       8%         N/A       58%         4
 Passage of Golubria      Tloc           N/A        N/A       58%         4
 Summon Ice Beast         Ice/Summ       8%         N/A       58%         4
 Silence                  Hex/Air        4%         N/A       90%         5
 Lehudib's Crystal Spear  Conj/Erth      18%        10d5      100%        8


Dungeon Overview and Level Annotations

Branches:
Dungeon (9/15)             Temple (1/1) D:6
   Lair: D:8-11         Orc: D:9-12

Altars:
Ashenzari
Cheibriados
Dithmenos
Elyvilon
Fedhas
Gozag
Hepliaklqana
Kikubaaqudgha
Makhleb
Nemelex Xobeh
Okawaru
Qazlal
Ru
Sif Muna
Trog
Uskayaw
Vehumet
Wu Jian
Xom
Yredelemnul
Zin
The Shining One

Shops:
D:1 (   D:5 (   D:9 (

Annotations:
D:3 1 runed translucent door, cbfl8's ghost, weakling MiDe
D:6 3 runed translucent doors, Sharkman1231's ghost, novice DsBr
D:7 1 runed translucent door, Selrock's ghost, novice DsMo
D:9 Erolcha


Innate Abilities, Weirdness & Mutations

You can breathe blasts of scalding, opaque steam.
Your pale cyan-grey scales are hard. (AC +7)
You cannot fit into any form of body armour.
You are cold-blooded and may be slowed by cold attacks.
You are immune to the effects of steam.


Message History

You can't see any susceptible monsters within range! (Use Z to cast anyway.)
Casting: Sticky Flame (dangerous; 1% risk of failure)
Confirm with . or Enter, or press ? or * to list all spells.
Aiming: Sticky Flame (dangerous; 1% risk of failure)
Press: ? - help, Shift-Dir - straight line The sticky flame hits something.
The unseen horror is covered in liquid flames!
An unseen horror comes into view.
The unseen horror burns!
The unseen horror barely misses you.
Unknown command.
You hit the unseen horror.
You kill the unseen horror!
Sif Muna accepts your kill.
Reactivating autopickup.
Unknown command.
Tentacles burst from the starspawn's body!
A starspawn tentacle comes into view.
Which direction?
Unknown command.
The starspawn tentacle misses you.
There is an open door, spattered with blood here.
The starspawn tentacle barely misses you.
There is a gateway leading deeper into the Abyss here.
Casting: Sticky Flame (dangerous; 1% risk of failure)
Confirm with . or Enter, or press ? or * to list all spells.
Aiming: Sticky Flame (dangerous; 1% risk of failure)
Press: ? - help, Shift-Dir - straight line, f - starspawn tentacle
Aim: a starspawn tentacle (100% to hit)
The sticky flame hits the starspawn tentacle!
The starspawn tentacle is moderately damaged.
The starspawn tentacle is covered in liquid flames!
The starspawn tentacle burns!
You hit the tentacled starspawn.
The tentacled starspawn is lightly damaged.
The starspawn tentacle burns!
You feel much better.
The starspawn tentacle burns!
The tentacled starspawn bites you!!
* * * LOW HITPOINT WARNING * * *
The tentacled starspawn tentacle-slaps you!
You die... ## # . . . . . . #. . . #########.. #@Xw'.'.... #######.... # .. ## #. #

You could see a tentacled starspawn and a starspawn tentacle (burning).

Vanquished Creatures
  A two-headed ogre (D:9)
  Pikel (D:4)
  An unseen horror (Abyss:2)
  A hornet (D:8)
  Prince Ribbit (D:6)
  A wraith (D:9)
  Sigmund (D:5)
  Eustachio (D:6)
  A steam dragon (D:6)
  5 water moccasins
  An orc warrior (D:8)
  2 sky beasts
  3 black bears
  A necrophage (D:8)
  3 lemures (D:4)
  3 centaurs
  2 ogres
  A phantom (D:6)
  2 kobold brigands
  5 bullfrogs
  3 gnoll sergeants (D:5)
  A scorpion (D:9)
  A water moccasin zombie (D:6)
  A water moccasin skeleton (D:6)
  2 howler monkeys (D:7)
  3 centaur zombies
  2 bullfrog zombies
  A jelly (D:6)
  10 hounds
  A bullfrog skeleton (D:6)
  2 gnoll shamans (D:5)
  6 iguanas
  A scorpion zombie (D:5)
  3 orc wizards (D:6)
  A howler monkey skeleton (D:6)
  22 gnolls
  7 adders
  An ufetubus (D:5)
  2 adder skeletons (D:4)
  2 dart slugs
  19 orcs
  7 ball pythons
  4 endoplasms
  5 giant cockroaches
  10 goblins
  9 hobgoblins
  A jackal (D:5)
  4 quokkas
  4 bats
  8 frilled lizards
  22 kobolds
  3 rats
205 creatures vanquished.

Vanquished Creatures (others)
  A white imp (D:6)
  13 fungi (D:9)
  15 plants (D:9)
  A starspawn tentacle (Abyss:2)
30 creatures vanquished.

Grand Total: 235 creatures vanquished

Notes
Turn   | Place    | Note
-------+----------+-------------------------------------------
     0 | D:1      | pkoi the Draconian Conjurer began the quest for the Orb.
     0 | D:1      | Reached XP level 1. HP: 14/14 MP: 3/3
   280 | D:1      | Reached XP level 2. HP: 20/20 MP: 3/5
   681 | D:1      | Reached skill level 5 in Conjurations
   793 | D:1      | Reached XP level 3. HP: 26/26 MP: 4/6
   885 | D:1      | Found Fiegiss's Weapon Emporium.
  1041 | D:1      | You fall into a shaft and drop 1 floor!
  1567 | D:2      | Learned a level 2 spell: Searing Ray
  1880 | D:2      | Reached XP level 4. HP: 33/33 MP: 3/7
  3054 | D:3      | Found a runed translucent door.
  3057 | D:3      | Noticed cbfl8's ghost (weakling MiDe)
  3194 | D:3      | Found a faded altar of an unknown god.
  3530 | D:4      | Reached skill level 6 in Conjurations
  3578 | D:4      | You fall into a shaft and drop 2 floors!
  3578 | D:6      | Noticed a kobold brigand
  3578 | D:6      | Noticed a kobold brigand
  3578 | D:6      | Noticed a kobold demonologist
  3578 | D:6      | Noticed Sharkman1231's ghost (novice DsBr)
  3578 | D:6      | Noticed a kobold brigand
  3578 | D:6      | Found a runed translucent gate.
  3578 | D:6      | Found a runed translucent gate.
  3578 | D:6      | Found a runed translucent gate.
  3581 | D:6      | Noticed a kobold brigand
  3582 | D:6      | Noticed a sky beast
  3583 | D:6      | Noticed a water moccasin
  3587 | D:6      | Noticed a kobold brigand
  3603 | D:5      | Entered Level 5 of the Dungeon
  3607 | D:5      | Reached XP level 5. HP: 33/38 MP: 3/8
  3725 | D:5      | Noticed a water moccasin
  3738 | D:5      | Killed a water moccasin
  3739 | D:5      | Reached XP level 6. HP: 10/45 MP: 2/10
  3864 | D:5      | Reached skill level 7 in Conjurations
  3953 | D:5      | Noticed Sigmund
  4153 | D:5      | Killed Sigmund
  4154 | D:5      | Your scales start taking on a pale cyan-grey colour.
  4154 | D:5      | Reached XP level 7. HP: 50/50 MP: 6/13
  4154 | D:5      | Gained mutation: You are immune to the effects of steam.
                  | [Pale Draconian growth]
  4166 | D:5      | Learned a level 4 spell: Sticky Flame
  4349 | D:4      | Noticed Pikel
  4368 | D:4      | Killed Pikel
  4369 | D:4      | Reached skill level 5 in Spellcasting
  4369 | D:4      | Reached skill level 9 in Conjurations
  4369 | D:4      | Reached XP level 8. HP: 30/57 MP: 10/15
  5237 | D:4      | Found an ornate altar of the Wu Jian Council.
  6218 | D:5      | Reached skill level 10 in Conjurations
  7229 | D:5      | Found Entasamm's Weapon Emporium.
  7413 | D:5      | Reached XP level 9. HP: 57/62 MP: 18/18
  7447 | D:5      | Reached skill level 1 in Fire Magic
  8090 | D:6      | Reached skill level 11 in Conjurations
  8102 | D:6      | Noticed Prince Ribbit
  8114 | D:6      | Killed Prince Ribbit
  8765 | D:6      | Found a staircase to the Ecumenical Temple.
  8767 | D:6      | Noticed Eustachio
  8772 | Temple   | Entered the Ecumenical Temple
  9044 | Temple   | Became a worshipper of Sif Muna the Loreminder
  9257 | D:6      | Killed Eustachio
  9570 | D:7      | Found a runed translucent door.
  9593 | D:7      | Noticed Selrock's ghost (novice DsMo)
 10468 | D:8      | Reached XP level 10. HP: 69/69 MP: 14/21
 10581 | D:8      | Reached skill level 12 in Conjurations
 10581 | D:8      | Paralysed by a hornet for 1 turns
 10585 | D:8      | Reached * piety under Sif Muna
 10963 | D:8      | Identified the ring of the Lobster {rF+++ rCorr MP+9 Dex+4}
 11102 | D:8      | Reached skill level 5 in Fire Magic
 11599 | D:9      | Found Xonusec's Hydra Hut.
 11601 | D:9      | Noticed an eight-headed hydra
 11745 | D:9      | Noticed Erolcha
 12091 | D:9      | Noticed a two-headed ogre
 12099 | D:9      | Killed a two-headed ogre
 12354 | D:9      | Cast into level 2 of the Abyss (Erolcha)
 12544 | Abyss:2  | Noticed a tentacled starspawn
 12551 | Abyss:2  | HP: 3/69 [tentacled starspawn (25)]
 12551 | Abyss:2  | Mangled by a tentacled starspawn

Illustrated notes

Levels and vault maps discovered:
D:1:      enne_arrival_octagon_isle, layout_basic, serial_shops,
          nicolae_shop_stone, corexii_hall_statues_deadend, st_stairs_9,
          chequers_serial_rivers_large_b
D:2:      layout_basic
D:3:      layout_basic, ebering_ghost_sewer_d, basic_ecumenical_altar,
          st_stairs_14, dk_noncrumbling_3, hangedman_abyss_or_decor_stabs,
          kennysheep_small_spiral
D:4:      layout_basic, mainiacjoe_overflow_alcove_1, kennysheep_another_room,
          uniq_pikel
D:5:      layout_cave_pools, serial_gnoll_camp, gnoll_camp_huts_moat,
          gnoll_camp_mini_shop, gnoll_camp_mini_hut, gnoll_camp_mini_hut,
          gnoll_camp_mini_house, nicolae_ossuary_entry_monument, uniq_sigmund
D:6:      minmay_evil_eye, layout_cave_pools, minmay_temple_entry_hall,
          gammafunk_ghost_nasty_kobolds, grunt_ministairs_11,
          chequers_serial_rivers_small_a, uniq_prince_ribbit1, uniq_eustachio
D:7:      layout_cave_pools, hellmonk_ghost_happy_afterlife
D:8:      layout_basic, nrook_mini_backslash, st_stairs_10
D:9:      layout_roguey, grunt_lair_entry_orc_guard_hut, doesnt_shop_hydraphobe,
          uniq_erolcha, uniq_joseph, uniq_maggie
Temple:   nicolae_temple_the_god_donut
Abyss:2:  base: D:8, evilmike_abyss_exit_15

Skill      XL: |  1  2  3  4  5  6  7  8  9 10 |
---------------+-------------------------------+-----
Conjurations   | 5 6 7 9 10 11 12 | 12.7
Spellcasting   | 3 4 5 6 7 8 |  8.0
Fire Magic     | 4 5 |  5.9
Dodging        | |  1.7
Stealth        | |  1.7

Action                   |  1- 3 |  4- 6 |  7- 9 | 10-12 || total
-------------------------+-------+-------+-------+-------++-------
Melee: Unarmed           |    24 |       |       |       ||    24
       Tailslap          |     1 |     5 |     5 |     3 ||    14
       Dagger            |     5 |    43 |   118 |    23 ||   189
       Quarterstaff      |       |       |       |     4 ||     4
 Cast: Magic Dart        |    73 |    50 |   139 |    12 ||   274
       Searing Ray       |       |     8 |    43 |    12 ||    63
       Sticky Flame      |       |       |     1 |     3 ||     4
 Abil: Breathe Steam     |       |       |     3 |     2 ||     5
  Use: Scroll            |       |     9 |    11 |     2 ||    22
       Potion            |       |     2 |     3 |     2 ||     7
 Stab: Sleeping          |       |       |     1 |       ||     1
Armor: Skin              |     8 |    27 |    78 |    23 ||   136
Dodge: Dodged            |    24 |    46 |   115 |    18 ||   203
